 Dungeon Crawl Stone Soup version 0.17-a0-1632-g0af21bd (webtiles) character file.

843 maniek23 the Shooter (level 7, -8/45 HPs)
             Began as a High Elf Hunter on Aug 3, 2015.
             Was a Follower of Vehumet.
             Mangled by Edmund
             ... wielding a +1 flail of protection
              (16 damage)
             ... on level 4 of the Dungeon.
             The game lasted 00:18:21 (5416 turns).

maniek23 the Shooter (High Elf Hunter)              Turns: 5416, Time: 00:18:21

Health: -8/45      AC:  8    Str: 11    XL:     7   Next: 68%
Magic:  8/8        EV: 15    Int: 15    God:    Vehumet [*.....]
Gold:   233        SH:  0    Dex: 18    Spells: 2 memorised, 2 levels left

rFire  . . .     SeeInvis .     b - +2 dagger (chaos)
rCold  . . .     Clarity  +     d - +0 leather armour
rNeg   . . .     SustAt   .     (no shield)
rPois  .         Gourm    .     t - +0 helmet
rElec  .         Spirit   .     (no cloak)
rCorr  .         Warding  .     (no gloves)
rMut   .         Stasis   .     (no boots)
MR     .....                    h - amulet of clarity (curse)
Stlth  ++........               (no ring)
                                p - +4 ring of protection

@: not resistant to hostile enchantments, unstealthy
A: no striking features
a: Renounce Religion


You were on level 4 of the Dungeon.
You worshipped Vehumet.
Vehumet was aware of your devotion.
You were not hungry.

You visited 2 branches of the dungeon, and saw 6 of its levels.

You collected 233 gold pieces.

Inventory:

Hand weapons
 a - a +1 shortbow
 b - a +2 dagger of chaos (weapon)
 B - a +0 short sword
Missiles
 c - 17 arrows
 z - 10 poisoned arrows
Armour
 d - a +0 leather armour (worn)
 r - a cursed +0 ring mail
 t - a +0 helmet (worn)
 w - a +0 chain mail of cold resistance
Jewellery
 h - a cursed amulet of clarity (around neck)
 p - a +4 ring of protection (left hand)
Scrolls
 l - 2 scrolls of blinking {unknown}
 m - 3 scrolls of identify {unknown}
 o - 2 scrolls of teleportation {unknown}
 u - a scroll of recharging {unknown}
 v - a scroll of fear {unknown}
 y - a scroll of enchant armour {unknown}
 A - 2 scrolls of remove curse {unknown}
 C - a scroll of random uselessness {unknown}
 D - a scroll of amnesia {unknown}
Potions
 f - a potion of cancellation {unknown}
 g - 3 potions of curing {unknown}
 k - 2 potions of resistance {unknown}
 n - a potion of lignification {unknown}
 q - a potion of mutation {unknown}
 s - a potion of heal wounds {unknown}
 F - a potion of degeneration {unknown}
Books
 x - a Fen Folio

   Spells                             Type                      Level
   a - Corpse Rot                     Necromancy                   2
   b - Stone Arrow                    Conjuration/Earth            3
   c - Leda's Liquefaction            Hexes/Earth                  4
   d - Summon Forest                  Summoning/Translocation      5
   e - Hydra Form                     Transmutation                6
   f - Summon Hydra                   Summoning                    7
Comestibles
 e - 4 bread rations
 i - 2 meat rations
 j - a slice of pizza
 E - 9 fruits
 G - 6 chunks of flesh


   Skills:
 + Level 2.7 Fighting
 + Level 3.0 Short Blades
 + Level 7.8 Bows
 + Level 2.5 Armour
 + Level 5.4 Dodging
 + Level 3.2 Stealth
 * Level 2.5 Conjurations


You had 2 spell levels left.
You knew the following spells:

 Your Spells              Type           Power        Failure   Level  Hunger
a - Stone Arrow           Conj/Erth      #.....       73%         3    ####...
b - Magic Dart            Conj           #...         14%         1    ##.....


Dungeon Overview and Level Annotations

Branches:
Dungeon (5/15)             Temple (1/1) D:4

Altars:
Ashenzari
Dithmenos
Fedhas
Gozag
Kikubaaqudgha
Makhleb
Nemelex Xobeh
Okawaru
Qazlal
Ru
Trog
Vehumet
Xom
Yredelemnul
Zin
The Shining One

Annotations:
D:4 Edmund
D:5 urechis's ghost, experienced TrMo


Message History

Edmund is heavily wounded.
Urechis's ghost whispers, "Everlasting silence awaits you..."
Some of the chunks of flesh in your inventory have rotted away.
Edmund barely misses you.
Edmund hits you with a flail of protection!
* * * LOW HITPOINT WARNING * * *
You climb upwards.
There is a stone staircase leading down here.
It is briefly surrounded by a scintillating aura of random colours.
b - a +2 dagger of chaos (weapon)
You hit Edmund but do no damage.
Edmund is heavily wounded.
Edmund closely misses you.
You hit Edmund but do no damage.
Edmund is heavily wounded.
Edmund barely misses you.
You hit Edmund but do no damage.
Edmund is heavily wounded.
Edmund hits you with a flail of protection!
You die...

##.#.#####.....# ###.
###.# #.....# #. #..#
#.....# #. #.## #####.#
## #.# #.#######
####.### #........
#......# ####.#.#####
#.##.#@# #...###..# #
#.##.#@#####..#.#.#.# #
#.##..........##.##.###
#.####.######.##.....[.
#.####.# #.#####.###
#......# #.#####.#
######## #.......#
#########


You could see Edmund (berserk).

Vanquished Creatures
  The ghost of PeterLawrence the Cudgeler, an average MiFi of Okawaru (D:3)
  A giant frog (D:4)
  A scorpion (D:4)
  3 crimson imps (D:4)
  An orc priest (D:4)
  A hound (D:4)
  2 orc wizards
  2 worker ants (D:4)
  5 gnolls (D:4)
  14 adders
  An ooze (D:4)
  A worm (D:2)
  2 giant geckos
  14 orcs
  3 ball pythons (D:3)
  5 bats
  2 giant cockroaches (D:4)
  3 goblins (D:2)
  5 hobgoblins
  3 quokkas
  3 giant newts (D:1)
  8 kobolds
  9 rats
90 creatures vanquished.

Notes
Turn   | Place    | Note
--------------------------------------------------------------
     0 | D:1      | maniek23 the High Elf Hunter began the quest for the Orb.
     0 | D:1      | Reached XP level 1. HP: 14/14 MP: 2/2
   367 | D:1      | Reached XP level 2. HP: 12/19 MP: 3/3
   631 | D:1      | Reached skill level 6 in Bows
  1190 | D:2      | Found a shattered altar of Ashenzari.
  1218 | D:2      | Reached XP level 3. HP: 24/24 MP: 4/4
  1309 | D:2      | Found a radiant altar of Vehumet.
  1313 | D:2      | Became a worshipper of Vehumet
  1780 | D:2      | Found a glowing golden altar of the Shining One.
  2098 | D:3      | Noticed PeterLawrence's ghost (average MiFi)
  2166 | D:4      | Reached skill level 1 in Short Blades
  2166 | D:4      | Reached XP level 4. HP: 10/29 MP: 5/5
  2586 | D:4      | Reached skill level 1 in Armour
  2647 | D:4      | Noticed a scorpion
  2665 | D:4      | Killed a scorpion
  2665 | D:4      | Reached skill level 7 in Bows
  2665 | D:4      | Reached XP level 5. HP: 23/34 MP: 6/6
  2950 | D:4      | Learned a level 3 spell: Stone Arrow
  3085 | D:4      | Found a shimmering altar of Xom.
  3143 | D:4      | Reached XP level 6. HP: 37/40 MP: 7/7
  3162 | D:4      | Found a staircase to the Ecumenical Temple.
  3231 | Temple   | Entered the Ecumenical Temple
  3900 | D:4      | Reached skill level 1 in Conjurations
  4213 | D:3      | Acquired Vehumet's first power
  4213 | D:3      | Offered knowledge of Magic Dart by Vehumet.
  4216 | D:3      | Learned a level 1 spell: Magic Dart
  4254 | D:3      | Noticed a giant frog
  4290 | D:4      | Killed a giant frog
  4295 | D:4      | Reached XP level 7. HP: 21/45 MP: 8/8
  4458 | D:3      | Killed PeterLawrence's ghost
  4458 | D:3      | Reached skill level 5 in Dodging
  5379 | D:5      | Entered Level 5 of the Dungeon
  5379 | D:5      | Noticed Edmund
  5407 | D:5      | Noticed urechis's ghost (experienced TrMo)
  5416 | D:4      | Mangled by Edmund

Vault maps used:
D:1:      eino_arrival_cavern_c
D:2:      ashenzari_conservatory_becter, tso_oasis_becter,
          overflow_temple_1_default
D:3:      roderic_three_in_a_row, minmay_snake_closets
D:4:      led_xom_imps, temple_fountains, first_bread
D:5:      old_standard_altar, overflow_temple_1_default, serial_shops,
          nicolae_shop_waterfront, uniq_crazy_yiuf_cottage, uniq_edmund,
          uniq_blork_the_orc, uniq_sigmund
Temple:   triangle_lava_temple_12

Action                   |  1- 3 |  4- 6 |  7- 9 || total
-------------------------+-------+-------+-------++-------
Melee: Short sword       |    95 |   260 |       ||   355
       Dagger            |       |    81 |   116 ||   197
 Fire: Shortbow          |    44 |    60 |    10 ||   114
 Cast: Magic Dart        |       |     1 |    25 ||    26
 Stab: Petrified         |       |     2 |     1 ||     3
       Distracted        |       |     1 |       ||     1
       Sleeping          |       |       |     3 ||     3
       Paralysed         |       |       |     2 ||     2
  Eat: Chunk             |     3 |       |     4 ||     7
       Bread ration      |     1 |       |       ||     1
       Meat ration       |       |     1 |       ||     1
